 Dungeon Crawl Stone Soup version 0.31-a0-702-gf82c85558f (webtiles) character file.

Game seed: 17953146554202030516

5241 Xavori the Covert (level 10, -1/68 HPs)
             Began as an Octopode Chaos Knight on Sept 8, 2023.
             Was a Plaything of Xom.
             Slain by an orc
             ... wielding a +0 falchion
              (6 damage)
             ... on level 9 of the Dungeon.
             The game lasted 00:10:47 (15016 turns).

Xavori the Covert (Octopode Chaos Knight)          Turns: 15016, Time: 00:10:49

Health: -1/68      AC:  1    Str: 16    XL:     10   Next: 62%
Magic:  10/10      EV: 15    Int: 20    God:    Xom [....*.]
Gold:   572        SH:  6    Dex: 14    Spells: 9/9 levels left

rFire   . . .        D - +3 dagger
rCold   . . .        (no shield)
rNeg    . . .        (helmet restricted)
rPois   +            (no amulet)
rElec   .            e - ring of willpower
rCorr   .            f - +6 ring of intelligence
SInv    .            g - ring of poison resistance
Will    +....        (no ring)
Stlth   +++++++      (no ring)
HPRegen 0.31/turn    (no ring)
MPRegen 0.12/turn    (no ring)
                     (no ring)

%: random rage (9%)
@: no status effects
A: almost no armour, amphibious, 8 rings, camouflage 2, gelatinous body 1,
(nimble swimmer 1), tentacles, large bone plates 2, berserk 2, strong 1,
MP-powered wands
a: Renounce Religion


You were on level 9 of the Dungeon.
You worshipped Xom.
You were a beloved toy of Xom.
You visited 1 branch of the dungeon, and saw 9 of its levels.

You collected 572 gold pieces.

Inventory:

Hand Weapons
 a - a +0 short sword of chaos
 D - a +3 dagger (weapon)
Missiles
 q - a throwing net
Jewellery
 e - a ring of willpower (left tentacle)
 f - a +6 ring of intelligence (right tentacle)
 g - a ring of poison resistance (on tentacle)
Wands
 t - a wand of light (6)
 v - a wand of paralysis (28)
 B - a wand of flame (23)
Scrolls
 b - a scroll of butterflies
 c - a scroll of blinking
 d - 2 scrolls of enchant weapon
 l - a scroll of fog
 m - a scroll of identify
 n - a scroll of teleportation
 o - a scroll of immolation
 s - a scroll of revelation
 y - a scroll of silence
 z - a scroll of amnesia
Potions
 h - a potion of ambrosia {unknown}
 i - 3 potions of enlightenment {unknown}
 j - 3 potions of brilliance
 k - a potion of might {unknown}
 p - a potion of berserk rage {unknown}
 r - 5 potions of haste
 u - a potion of invisibility
 w - a potion of curing
 A - a potion of cancellation {unknown}


   Skills:
 + Level 5.9 Fighting
 + Level 8.0 Short Blades
 + Level 6.1 Dodging
 + Level 12.6 Stealth
 + Level 4.1 Shields
 * Level 5.2 Evocations


You had 9 spell levels left.
You didn't know any spells.
Your spell library contained the following spells:

 Spells                   Type           Power      Damage    Failure   Level
 Fireball                 Conj/Fire      0%         3d3       99%         5
 Iskenderun's Battlesphe  Conj           0%         2d6       99%         5
 Conjure Ball Lightning   Conj/Air       0%         3x3d6     100%        6
 Orb of Destruction       Conj           0%         9d5       100%        7


Dungeon Overview and Level Annotations

Branches:
Dungeon (9/15)             Temple (0/1) D:4            Lair (0/5) D:8
    Orc: D:9-12

Altars:
Dithmenos
Fedhas
Gozag
Makhleb
Okawaru
Qazlal
Sif Muna
Trog
Uskayaw
Xom
Zin

Shops:
D:2 :   D:7 :

Annotations:
Abyss:1 Grum


Innate Abilities, Weirdness & Mutations

You cannot wear most types of armour.
You are amphibious.
You can wear up to eight rings at the same time.
Your skin blends seamlessly with your surroundings (Stealth++).
Your rubbery body absorbs attacks. (AC +1, EV +1)
((You are camouflaged when in or above water. (Stealth+)))
You have tentacles for arms and can constrict up to eight enemies at once.
You are mostly covered in large bone plates. (SH +6)
You have an uncontrollable temper.
Your muscles are strong. (Str +4, Int/Dex -1)
You expend magic power (3 MP) to strengthen your wands.


Message History

You barely miss the centaur.
You squeeze the centaur, but do no damage.
The centaur is lightly wounded.
The orc hits you with a +0 falchion. The centaur hits you.
* * * LOW HITPOINT WARNING * * *
The centaur kicks you.
* * * LOW HITPOINT WARNING * * *
You hit the centaur but do no damage.
The centaur is lightly wounded.
The orc closely misses you.
You hit the centaur.
The centaur is lightly wounded.
The centaur hits you.
* * * LOW HITPOINT WARNING * * *
The centaur kicks you.
* * * LOW HITPOINT WARNING * * *
Unknown command.
You hit the centaur. You squeeze the centaur.
The centaur is heavily wounded.
The centaur closely misses you. You block the centaur's attack.
The orc barely misses you.
You closely miss the centaur.
The centaur is heavily wounded.
The centaur hits you.
* * * LOW HITPOINT WARNING * * *
The centaur kicks you.
* * * LOW HITPOINT WARNING * * *
Unknown command.
You hit the centaur but do no damage.
The centaur is heavily wounded.
The centaur hits you.
* * * LOW HITPOINT WARNING * * *
The centaur barely misses you. You block the orc's attack.
You feel better. The centaur hits you.
* * * LOW HITPOINT WARNING * * *
The centaur kicks you.
* * * LOW HITPOINT WARNING * * *
The orc hits you with a +0 falchion.
You die... "It was about time."

.....#.## #.#
###..#.# #.# #.#.
#..#.# #.# #..#
#..#.# #.. ...#
#..#.# ### #$.##
#..#.# #.#.### #
#....#########......
# ##.#.........o.##
####.##########.@.#
..##^# #.)c#.......
#....# #(#...###..#
..#### #.##.## # ###
# .# # $# # .# # .#
#


You could see a centaur and an orc.

Vanquished Creatures
  Pikel (D:4)
  A hornet (D:9)
  A hog (D:4)
  A wraith (D:9)
  5 yaks (D:6)
  A sky beast (D:7)
  2 orc warriors
  2 ice beasts
  3 black bears
  An ogre (D:5)
  2 wolves (D:8)
  A lemure (D:4)
  A phantom (D:5)
  A kobold brigand (D:4)
  3 scorpions (D:6)
  2 gnoll sergeants
  9 wights
  5 hounds
  A jelly (D:7)
  5 orc priests
  Crazy Yiuf (D:5)
  2 gnoll boudas (D:7)
  A sleepcap (D:6)
  7 iguanas
  8 orc wizards
  22 gnolls
  4 adders
  2 shadow imps (D:7)
  4 white imps (D:7)
  2 worms (D:2)
  A dart slug (D:3)
  24 orcs
  3 bats
  11 endoplasms
  7 giant cockroaches
  11 goblins
  6 hobgoblins
  7 jackals
  9 kobolds
  6 quokkas
  4 ball pythons
  2 frilled lizards
  6 rats
198 creatures vanquished.

Vanquished Creatures (collateral kills)
  An acid dragon (D:8)
  A phantom (D:4)
  3 wights (D:8)
  An orc wizard (D:8)
  An orc (D:8)
  A giant cockroach (D:4)
8 creatures vanquished.

Grand Total: 206 creatures vanquished

Notes
Turn   | Place    | Note
-------+----------+-------------------------------------------
     0 | D:1      | Xavori the Octopode Chaos Knight began the quest for the
                  | Orb.
     0 | D:1      | Reached XP level 1. HP: 16/16 MP: 1/1
    45 | D:1      | XOM: divination: detect creatures
    92 | D:1      | XOM: potion effect (brilliance)
    99 | D:1      | Reached XP level 2. HP: 17/21 MP: 2/2
   401 | D:1      | XOM: silly message
   655 | D:1      | XOM: smoke on damage
   706 | D:1      | XOM: silly message
   908 | D:1      | Reached XP level 3. HP: 26/26 MP: 3/3
   975 | D:1      | XOM: silly message
  1425 | D:2      | XOM: butterfly on damage
  2223 | D:1      | XOM: silly message
  2293 | D:1      | XOM: scenery: create altars
  3574 | D:1      | XOM is BORED!
  3574 | D:1      | XOM: noise
  3693 | D:1      | XOM: give mutation
  3693 | D:1      | Gained mutation: You are partially covered in iridescent
                  | scales. (AC +2) [Xom's mischief]
  3709 | D:1      | XOM: summons 4 hostile shadow creatures
  3746 | D:2      | Found Itoqehi's Vocational Training.
  4073 | D:1      | XOM: summons 2 hostile demons
  4611 | D:1      | XOM: silly message
  4828 | D:1      | XOM is BORED!
  4828 | D:1      | XOM: give mutations
  4828 | D:1      | Gained mutation: You do not regenerate when monsters are
                  | visible. [Xom's mischief]
  4828 | D:1      | Gained mutation: You expend magic power (3 MP) to
                  | strengthen your wands. [Xom's mischief]
  4828 | D:1      | Gained mutation: You are robust. (+10% HP) [Xom's mischief]
  4828 | D:1      | Lost mutation: You are robust. (+10% HP) [Xom's mischief]
  5022 | D:1      | XOM: give mutations
  5022 | D:1      | Lost mutation: You expend magic power (3 MP) to strengthen
                  | your wands. [Xom's mischief]
  5022 | D:1      | Gained mutation: You are weak. (Str -2) [Xom's mischief]
  5316 | D:1      | XOM: silly message
  5470 | D:1      | XOM is BORED!
  5470 | D:1      | XOM: summons 2 hostile shadow creatures
  5747 | D:2      | XOM: give mutations
  5747 | D:2      | Gained mutation: Your mind is acute. (Int +4, Str/Dex -1)
                  | [Xom's grace]
  5747 | D:2      | Gained mutation: You expend magic power (3 MP) to
                  | strengthen your wands. [Xom's grace]
  5830 | D:1      | XOM: god gift: +5 quarterstaff
  6241 | D:1      | XOM: give mutations
  6241 | D:1      | Gained mutation: Your skin blends seamlessly with your
                  | surroundings (Stealth++). [Xom's grace]
  6241 | D:1      | Lost mutation: You are weak. (Str -2) [Xom's grace]
  6513 | D:1      | XOM: scenery: summon butterflies
  6722 | D:1      | XOM: divination: magic mapping
  6827 | D:1      | XOM: god gift: 65 gold pieces
  6915 | D:1      | XOM: divination: detect creatures
  7017 | D:1      | XOM: god gift: smoky pink potion {god gift}
  7412 | D:1      | XOM: god gift: +2 longbow of chaos
  7661 | D:1      | XOM: god gift: 29 gold pieces
  7688 | D:1      | XOM: god gift: club {god gift}
  7739 | D:1      | XOM: give mutations
  7739 | D:1      | Gained mutation: You are partially covered in large bone
                  | plates. (SH +4) [Xom's grace]
  7739 | D:1      | Gained mutation: You are mostly covered in large bone
                  | plates. (SH +6) [Xom's grace]
  7739 | D:1      | Gained mutation: Your muscles are strong. (Str +4, Int/Dex
                  | -1) [Xom's grace]
  7739 | D:1      | Gained mutation: One of your tentacles bears a spike.
                  | [Xom's grace]
  7761 | D:2      | Found a burning altar of Makhleb.
  7796 | D:2      | Reached skill level 1 in Stealth
  8011 | D:2      | XOM: scenery: summon butterflies
  8252 | D:3      | Reached XP level 4. HP: 31/31 MP: 4/4
  8392 | D:3      | XOM: fake destruction
  8407 | D:3      | Reached skill level 2 in Stealth
  8895 | D:4      | Noticed an ogre
  8898 | D:4      | Noticed a gnoll sergeant
  8906 | D:3      | Reached skill level 3 in Stealth
  8906 | D:3      | Reached XP level 5. HP: 36/36 MP: 5/5
  8959 | D:3      | XOM: summons friendly quasit
  9384 | D:3      | XOM: silly message
  9399 | D:3      | XOM: noise
  9410 | D:3      | Reached skill level 4 in Stealth
  9524 | D:4      | Reached XP level 6. HP: 43/43 MP: 6/6
  9567 | D:4      | XOM: potion effect (heal wounds)
  9568 | D:4      | XOM: divination: detect items
  9715 | D:4      | an ogre changed into a hog
  9715 | D:4      | Noticed a hog
  9715 | D:4      | XOM: polymorph ogre -> hog
  9721 | D:4      | Killed a hog
  9722 | D:4      | Reached skill level 5 in Short Blades
  9722 | D:4      | Reached skill level 5 in Stealth
  9722 | D:4      | Reached skill level 1 in Shields
  9722 | D:4      | Reached XP level 7. HP: 46/48 MP: 7/7
  9746 | D:4      | XOM: cast spell 'Metabolic Englaciation'
  9748 | D:4      | XOM: cast spell 'Chain of Chaos'
  9754 | D:4      | Reached skill level 6 in Stealth
  9757 | D:4      | XOM: summons friendly ufetubus
 10036 | D:4      | Found a staircase to the Ecumenical Temple.
 10141 | D:5      | Entered Level 5 of the Dungeon
 10141 | D:5      | Noticed Pikel
 10182 | D:4      | XOM: summons 4 friendly demons
 10195 | D:4      | XOM: fog
 10292 | D:4      | XOM: scenery: summon butterflies
 10294 | D:4      | XOM: fog
 10302 | D:4      | XOM: butterfly on damage
 10304 | D:4      | Killed Pikel
 10305 | D:4      | Reached skill level 8 in Stealth
 10305 | D:4      | Reached XP level 8. HP: 6/54 MP: 8/8
 10517 | D:5      | XOM: cloud trail
 10621 | D:5      | XOM: god gift: robe {god gift}
 10791 | D:5      | XOM: 3-stop teleportation journey
 10908 | D:5      | XOM: divination: detect items
 10977 | D:5      | You fall into a shaft and drop 3 floors!
 11002 | D:8      | XOM: confuse monster(s)
 11082 | D:8      | Reached skill level 9 in Stealth
 11088 | D:8      | Noticed Grum
 11090 | D:8      | XOM: noise
 11096 | D:8      | Reached skill level 1 in Evocations
 11096 | D:8      | Reached XP level 9. HP: 43/60 MP: 2/9
 11099 | D:8      | Banished Grum
 11100 | D:8      | Reached skill level 5 in Dodging
 11164 | D:7      | XOM: enchant monster (good)
 11268 | D:5      | XOM: divination: detect creatures
 11303 | D:5      | Reached skill level 5 in Fighting
 11312 | D:5      | XOM: silly message
 11325 | D:5      | Found a bloodstained altar of Trog.
 11333 | D:5      | Reached skill level 10 in Stealth
 11456 | D:5      | Found a runed translucent door.
 11457 | D:5      | Noticed Crazy Yiuf
 11604 | D:5      | Killed Crazy Yiuf
 11803 | D:6      | XOM: confuse monster(s)
 11811 | D:6      | XOM: cleaving
 11815 | D:6      | Reached skill level 11 in Stealth
 11829 | D:6      | XOM: 5-stop teleportation journey
 11897 | D:6      | XOM: silly message
 12179 | D:6      | Found an opulent altar of Gozag.
 12180 | D:6      | Found a glowing silver altar of Zin.
 12336 | D:6      | Found a hide-covered altar of Uskayaw.
 12337 | D:6      | Found a shimmering blue altar of Sif Muna.
 12423 | D:7      | Reached XP level 10. HP: 44/66 MP: 10/10
 12525 | D:7      | Found a shimmering altar of Xom.
 12679 | D:7      | Reached skill level 12 in Stealth
 12712 | D:7      | XOM: silly message
 12757 | D:7      | Found Daroip's Self-Published Books.
 12807 | D:7      | Found an iron altar of Okawaru.
 12807 | D:7      | XOM: 1-stop teleportation journey
 12872 | D:7      | Found a stormy altar of Qazlal.
 12875 | D:7      | Found a shadowy altar of Dithmenos.
 12924 | D:7      | XOM: give mutations
 12924 | D:7      | Gained mutation: You are robust. (+10% HP) [Xom's mischief]
 12924 | D:7      | Gained mutation: You are vulnerable to heat. (rF-) [Xom's
                  | mischief]
 12978 | D:7      | XOM: give mutations
 12978 | D:7      | Gained mutation: You sometimes lose your temper in combat.
                  | [Xom's mischief]
 12978 | D:7      | Lost mutation: You are partially covered in iridescent
                  | scales. (AC +2) [Xom's mischief]
 12978 | D:7      | Lost mutation: One of your tentacles bears a spike. [Xom's
                  | mischief]
 13012 | D:7      | XOM: confuse monster(s)
 13674 | D:8      | Found a staircase to the Lair.
 13771 | D:8      | Found a blossoming altar of Fedhas.
 13951 | D:8      | XOM: draining
 14331 | D:8      | Lost mutation: Your mind is acute. (Int +4, Str/Dex -1)
                  | [potion of mutation]
 14331 | D:8      | Lost mutation: You do not regenerate when monsters are
                  | visible. [potion of mutation]
 14331 | D:8      | Lost mutation: You are vulnerable to heat. (rF-) [potion of
                  | mutation]
 14331 | D:8      | Gained mutation: Your flesh is cold resistant. (rC+)
                  | [potion of mutation]
 14378 | D:8      | XOM: god gift: potion of haste
 14422 | D:8      | XOM: divination: detect items
 14537 | D:9      | XOM: confuse monster(s)
 14541 | D:9      | XOM: enchant monster (good)
 14541 | D:9      | XOM: smoke on damage
 14745 | D:9      | XOM: cloud trail
 14877 | D:9      | Reached skill level 5 in Evocations
 14966 | D:9      | XOM: give mutations
 14966 | D:9      | Gained mutation: You have an uncontrollable temper. [Xom's
                  | mischief]
 14966 | D:9      | Lost mutation: You are robust. (+10% HP) [Xom's mischief]
 14966 | D:9      | Lost mutation: Your flesh is cold resistant. (rC+) [Xom's
                  | mischief]
 14998 | D:9      | XOM: enchant monster (good)
 15015 | D:9      | HP: 2/68 [centaur (3)]
 15016 | D:9      | Slain by an orc

Illustrated notes

Levels and vault maps discovered:
D:1:      spicycebolla_arrival_ecumenical, layout_basic
D:2:      layout_rooms, basic_altar, nicolae_shop_vocational
D:3:      cheibrodos_greedy_goblins, layout_basic
D:4:      layout_rooms, minmay_temple_entry_enclosed_plants, minmay_mini_jars
D:5:      layout_loops_ring, trog_book, uniq_pikel, uniq_crazy_yiuf_cottage
D:6:      layout_loops_cross, grunt_temple_overflow_gold_and_silver,
          grunt_temple_overflow_open
D:7:      minmay_general_purpose_star, layout_rooms,
          grunt_temple_overflow_cloverleaf, nicolae_custom_books
D:8:      layout_basic, lemuel_crystal_altar, lair_entry_dummy, uniq_grum
D:9:      layout_loops_ring, uniq_harold

Skill      XL: |  1  2  3  4  5  6  7  8  9 10 |
---------------+-------------------------------+-----
Stealth        | 1 3 4 5 8 9 11 12 | 12.6
Dodging        | 3 4 5 6 |  6.1
Short Blades   | 4 5 6 7 8 |  8.0
Fighting       | 4 5 |  5.9
Shields        | 1 2 3 4 |  4.1
Evocations     | 1 3 5 |  5.2

Action                     |  1- 3 |  4- 6 |  7- 9 | 10-12 || total
---------------------------+-------+-------+-------+-------++-------
  Melee: Short sword       |    86 |   105 |   160 |   133 ||   484
         Constrict         |    19 |    21 |    27 |    45 ||   112
         Tentacles         |    15 |    19 |    40 |    52 ||   126
         Punch             |     1 |     1 |       |     2 ||     4
         Kick              |     3 |    38 |    67 |    21 ||   129
         Dagger            |       |       |       |    74 ||    74
  Evoke: Wand              |       |       |     2 |       ||     2
    Use: Potion            |     1 |     4 |       |     2 ||     7
         Scroll            |       |     1 |     3 |     8 ||    12
   Stab: Sleeping          |     7 |     9 |    11 |     5 ||    32
         Invisible         |       |     3 |       |       ||     3
         Distracted        |       |     1 |     1 |     1 ||     3
         Paralysed         |       |       |     2 |     2 ||     4
         Confused          |       |       |     1 |     3 ||     4
 Armour: Skin              |    43 |    35 |    46 |    80 ||   204
  Dodge: Dodged            |    45 |    44 |    59 |    85 ||   233
  Block: Other             |     1 |    26 |    24 |    38 ||    89

Table legend: (Time is in decaauts)
 A = Elapsed time spent in this place.
 B = Non-inter-level travel time spent in this place.
 C = Inter-level travel time spent in this place.
 D = Time resting spent in this place.
 E = Time spent auto-exploring this place.
 F = Levels seen in this place.
 G = Mean time per level.
                   A        B        C        D        E       F      G
               +--------+--------+--------+--------+--------+-----+--------+
         Total |  14887 |  14618 |    269 |   8104 |   5202 |   9 | 1654.1 |
       Dungeon |  14887 |  14618 |    269 |   8104 |   5202 |   9 | 1654.1 |
               +--------+--------+--------+--------+--------+-----+--------+

Top non-repeatable levels by time:
     D:1: 7080 daAuts
     D:3: 1269 daAuts
     D:7: 1223 daAuts
     D:2: 1109 daAuts
     D:5: 1102 daAuts
     D:8: 1058 daAuts
     D:4: 849 daAuts
     D:6: 721 daAuts
     D:9: 472 daAuts
